%YAML 1.1
%TAG !u! tag:unity3d.com,2011:
--- !u!1 &89482732485372263
GameObject:
  m_ObjectHideFlags: 0
  m_CorrespondingSourceObject: {fileID: 0}
  m_PrefabInstance: {fileID: 0}
  m_PrefabAsset: {fileID: 0}
  serializedVersion: 6
  m_Component:
  - component: {fileID: 5641256969615594844}
  m_Layer: 0
  m_Name: Bip001 R UpperArm
  m_TagString: Untagged
  m_Icon: {fileID: 0}
  m_NavMeshLayer: 0
  m_StaticEditorFlags: 0
  m_IsActive: 1
--- !u!4 &5641256969615594844
Transform:
  m_ObjectHideFlags: 0
  m_CorrespondingSourceObject: {fileID: 0}
  m_PrefabInstance: {fileID: 0}
  m_PrefabAsset: {fileID: 0}
  m_GameObject: {fileID: 89482732485372263}
  m_LocalRotation: {x: -0.1008149, y: 0.5249703, z: -0.11857648, w: 0.83676887}
  m_LocalPosition: {x: -0.137121, y: 0, z: 0}
  m_LocalScale: {x: 1.0000001, y: 1, z: 1.0000002}
  m_ConstrainProportionsScale: 0
  m_Children:
  - {fileID: 3044439612436814298}
  m_Father: {fileID: 4757951598124789824}
  m_RootOrder: 0
  m_LocalEulerAnglesHint: {x: 0, y: 0, z: 0}
--- !u!1 &268296372589057607
GameObject:
  m_ObjectHideFlags: 0
  m_CorrespondingSourceObject: {fileID: 0}
  m_PrefabInstance: {fileID: 0}
  m_PrefabAsset: {fileID: 0}
  serializedVersion: 6
  m_Component:
  - component: {fileID: 612461394761886811}
  m_Layer: 0
  m_Name: Bip001 R Finger21
  m_TagString: Untagged
  m_Icon: {fileID: 0}
  m_NavMeshLayer: 0
  m_StaticEditorFlags: 0
  m_IsActive: 1
--- !u!4 &612461394761886811
Transform:
  m_ObjectHideFlags: 0
  m_CorrespondingSourceObject: {fileID: 0}
  m_PrefabInstance: {fileID: 0}
  m_PrefabAsset: {fileID: 0}
  m_GameObject: {fileID: 268296372589057607}
  m_LocalRotation: {x: 0.0000000013992583, y: -0.000000008626941, z: -0.6296834, w: 0.7768519}
  m_LocalPosition: {x: -0.04286903, y: -0.000000076293944, z: 0}
  m_LocalScale: {x: 1.0000001, y: 1.0000001, z: 1.0000001}
  m_ConstrainProportionsScale: 0
  m_Children: []
  m_Father: {fileID: 2442386102454667609}
  m_RootOrder: 0
  m_LocalEulerAnglesHint: {x: 0, y: 0, z: 0}
--- !u!1 &304644402298138744
GameObject:
  m_ObjectHideFlags: 0
  m_CorrespondingSourceObject: {fileID: 0}
  m_PrefabInstance: {fileID: 0}
  m_PrefabAsset: {fileID: 0}
  serializedVersion: 6
  m_Component:
  - component: {fileID: 4757951598124789824}
  m_Layer: 0
  m_Name: Bip001 R Clavicle
  m_TagString: Untagged
  m_Icon: {fileID: 0}
  m_NavMeshLayer: 0
  m_StaticEditorFlags: 0
  m_IsActive: 1
--- !u!4 &4757951598124789824
Transform:
  m_ObjectHideFlags: 0
  m_CorrespondingSourceObject: {fileID: 0}
  m_PrefabInstance: {fileID: 0}
  m_PrefabAsset: {fileID: 0}
  m_GameObject: {fileID: 304644402298138744}
  m_LocalRotation: {x: 0.7071077, y: 0.00028152892, z: 0.70710576, w: -0.0002815297}
  m_LocalPosition: {x: -0.2653639, y: 0.0022645283, z: -0.029936148}
  m_LocalScale: {x: 1, y: 1.0000001, z: 1.0000001}
  m_ConstrainProportionsScale: 0
  m_Children:
  - {fileID: 5641256969615594844}
  m_Father: {fileID: 1958536014091557875}
  m_RootOrder: 2
  m_LocalEulerAnglesHint: {x: 0, y: 0, z: 0}
--- !u!1 &444129317090466898
GameObject:
  m_ObjectHideFlags: 0
  m_CorrespondingSourceObject: {fileID: 0}
  m_PrefabInstance: {fileID: 0}
  m_PrefabAsset: {fileID: 0}
  serializedVersion: 6
  m_Component:
  - component: {fileID: 5091865431562041963}
  - component: {fileID: 4321812329766403954}
  - component: {fileID: 1029790103809642064}
  m_Layer: 3
  m_Name: ZombieWeak_v2_Hat
  m_TagString: Untagged
  m_Icon: {fileID: 0}
  m_NavMeshLayer: 0
  m_StaticEditorFlags: 0
  m_IsActive: 1
--- !u!4 &5091865431562041963
Transform:
  m_ObjectHideFlags: 0
  m_CorrespondingSourceObject: {fileID: 0}
  m_PrefabInstance: {fileID: 0}
  m_PrefabAsset: {fileID: 0}
  m_GameObject: {fileID: 444129317090466898}
  m_LocalRotation: {x: 0.7027561, y: -0.38692525, z: -0.44431958, w: -0.3987516}
  m_LocalPosition: {x: -0.15268478, y: 0.04012537, z: 0.013843085}
  m_LocalScale: {x: 99.99999, y: 100.00001, z: 99.99999}
  m_ConstrainProportionsScale: 0
  m_Children: []
  m_Father: {fileID: 5542071920435430467}
  m_RootOrder: 1
  m_LocalEulerAnglesHint: {x: 0, y: 0, z: 0}
--- !u!33 &4321812329766403954
MeshFilter:
  m_ObjectHideFlags: 0
  m_CorrespondingSourceObject: {fileID: 0}
  m_PrefabInstance: {fileID: 0}
  m_PrefabAsset: {fileID: 0}
  m_GameObject: {fileID: 444129317090466898}
  m_Mesh: {fileID: 5860438413557685581, guid: 91db47b718250364790575942c81a8f0, type: 3}
--- !u!23 &1029790103809642064
MeshRenderer:
  m_ObjectHideFlags: 0
  m_CorrespondingSourceObject: {fileID: 0}
  m_PrefabInstance: {fileID: 0}
  m_PrefabAsset: {fileID: 0}
  m_GameObject: {fileID: 444129317090466898}
  m_Enabled: 1
  m_CastShadows: 1
  m_ReceiveShadows: 1
  m_DynamicOccludee: 1
  m_StaticShadowCaster: 0
  m_MotionVectors: 1
  m_LightProbeUsage: 1
  m_ReflectionProbeUsage: 1
  m_RayTracingMode: 2
  m_RayTraceProcedural: 0
  m_RenderingLayerMask: 1
  m_RendererPriority: 0
  m_Materials:
  - {fileID: 2100000, guid: 0f752ea3fde1c394f9734db055b0f85b, type: 2}
  m_StaticBatchInfo:
    firstSubMesh: 0
    subMeshCount: 0
  m_StaticBatchRoot: {fileID: 0}
  m_ProbeAnchor: {fileID: 0}
  m_LightProbeVolumeOverride: {fileID: 0}
  m_ScaleInLightmap: 1
  m_ReceiveGI: 1
  m_PreserveUVs: 0
  m_IgnoreNormalsForChartDetection: 0
  m_ImportantGI: 0
  m_StitchLightmapSeams: 1
  m_SelectedEditorRenderState: 3
  m_MinimumChartSize: 4
  m_AutoUVMaxDistance: 0.5
  m_AutoUVMaxAngle: 89
  m_LightmapParameters: {fileID: 0}
  m_SortingLayerID: 0
  m_SortingLayer: 0
  m_SortingOrder: 0
  m_AdditionalVertexStreams: {fileID: 0}
--- !u!1 &664553607354761583
GameObject:
  m_ObjectHideFlags: 0
  m_CorrespondingSourceObject: {fileID: 0}
  m_PrefabInstance: {fileID: 0}
  m_PrefabAsset: {fileID: 0}
  serializedVersion: 6
  m_Component:
  - component: {fileID: 3896172729840129584}
  m_Layer: 0
  m_Name: Bip001 L Finger2
  m_TagString: Untagged
  m_Icon: {fileID: 0}
  m_NavMeshLayer: 0
  m_StaticEditorFlags: 0
  m_IsActive: 1
--- !u!4 &3896172729840129584
Transform:
  m_ObjectHideFlags: 0
  m_CorrespondingSourceObject: {fileID: 0}
  m_PrefabInstance: {fileID: 0}
  m_PrefabAsset: {fileID: 0}
  m_GameObject: {fileID: 664553607354761583}
  m_LocalRotation: {x: -0.08993559, y: 0.028632674, z: -0.62306976, w: 0.7764508}
  m_LocalPosition: {x: -0.1328585, y: 0.000009651184, z: 0.012139501}
  m_LocalScale: {x: 1, y: 0.9999999, z: 1.0000001}
  m_ConstrainProportionsScale: 0
  m_Children:
  - {fileID: 3889461119805164692}
  m_Father: {fileID: 6364946067727135379}
  m_RootOrder: 2
  m_LocalEulerAnglesHint: {x: 0, y: 0, z: 0}
--- !u!1 &995061676859396062
GameObject:
  m_ObjectHideFlags: 0
  m_CorrespondingSourceObject: {fileID: 0}
  m_PrefabInstance: {fileID: 0}
  m_PrefabAsset: {fileID: 0}
  serializedVersion: 6
  m_Component:
  - component: {fileID: 2019160048885456820}
  m_Layer: 0
  m_Name: Bip001 L Toe0
  m_TagString: Untagged
  m_Icon: {fileID: 0}
  m_NavMeshLayer: 0
  m_StaticEditorFlags: 0
  m_IsActive: 1
--- !u!4 &2019160048885456820
Transform:
  m_ObjectHideFlags: 0
  m_CorrespondingSourceObject: {fileID: 0}
  m_PrefabInstance: {fileID: 0}
  m_PrefabAsset: {fileID: 0}
  m_GameObject: {fileID: 995061676859396062}
  m_LocalRotation: {x: 0.000000004917603, y: -0.000000025991026, z: -0.7071068, w: 0.7071068}
  m_LocalPosition: {x: -0.11805019, y: 0.17154968, z: -0.000000019073486}
  m_LocalScale: {x: 1.0000001, y: 1, z: 1.0000001}
  m_ConstrainProportionsScale: 0
  m_Children: []
  m_Father: {fileID: 6259173644677566237}
  m_RootOrder: 0
  m_LocalEulerAnglesHint: {x: 0, y: 0, z: 0}
--- !u!1 &1611855283975567957
GameObject:
  m_ObjectHideFlags: 0
  m_CorrespondingSourceObject: {fileID: 0}
  m_PrefabInstance: {fileID: 0}
  m_PrefabAsset: {fileID: 0}
  serializedVersion: 6
  m_Component:
  - component: {fileID: 6338446326115559984}
  m_Layer: 0
  m_Name: Bip001 L Finger01
  m_TagString: Untagged
  m_Icon: {fileID: 0}
  m_NavMeshLayer: 0
  m_StaticEditorFlags: 0
  m_IsActive: 1
--- !u!4 &6338446326115559984
Transform:
  m_ObjectHideFlags: 0
  m_CorrespondingSourceObject: {fileID: 0}
  m_PrefabInstance: {fileID: 0}
  m_PrefabAsset: {fileID: 0}
  m_GameObject: {fileID: 1611855283975567957}
  m_LocalRotation: {x: -0.0000000018600825, y: -0.000000029744223, z: -0.062414005, w: 0.99805033}
  m_LocalPosition: {x: -0.06048683, y: 0.000000038146972, z: 0}
  m_LocalScale: {x: 0.9999999, y: 0.99999994, z: 0.99999994}
  m_ConstrainProportionsScale: 0
  m_Children: []
  m_Father: {fileID: 5624433651716011086}
  m_RootOrder: 0
  m_LocalEulerAnglesHint: {x: 0, y: 0, z: 0}
--- !u!1 &1623259082415518377
GameObject:
  m_ObjectHideFlags: 0
  m_CorrespondingSourceObject: {fileID: 0}
  m_PrefabInstance: {fileID: 0}
  m_PrefabAsset: {fileID: 0}
  serializedVersion: 6
  m_Component:
  - component: {fileID: 6870390597400884520}
  m_Layer: 0
  m_Name: Bip001 L Calf
  m_TagString: Untagged
  m_Icon: {fileID: 0}
  m_NavMeshLayer: 0
  m_StaticEditorFlags: 0
  m_IsActive: 1
--- !u!4 &6870390597400884520
Transform:
  m_ObjectHideFlags: 0
  m_CorrespondingSourceObject: {fileID: 0}
  m_PrefabInstance: {fileID: 0}
  m_PrefabAsset: {fileID: 0}
  m_GameObject: {fileID: 1623259082415518377}
  m_LocalRotation: {x: -0.0000000092615995, y: -9.792583e-10, z: 0.105147064, w: 0.9944567}
  m_LocalPosition: {x: -0.4216027, y: 0, z: 0}
  m_LocalScale: {x: 1.0000001, y: 1, z: 1.0000001}
  m_ConstrainProportionsScale: 0
  m_Children:
  - {fileID: 6259173644677566237}
  m_Father: {fileID: 4244868145051612183}
  m_RootOrder: 0
  m_LocalEulerAnglesHint: {x: 0, y: 0, z: 0}
--- !u!1 &1640436009049595479
GameObject:
  m_ObjectHideFlags: 0
  m_CorrespondingSourceObject: {fileID: 0}
  m_PrefabInstance: {fileID: 0}
  m_PrefabAsset: {fileID: 0}
  serializedVersion: 6
  m_Component:
  - component: {fileID: 7390753245194757881}
  m_Layer: 0
  m_Name: Bip001 R Thigh
  m_TagString: Untagged
  m_Icon: {fileID: 0}
  m_NavMeshLayer: 0
  m_StaticEditorFlags: 0
  m_IsActive: 1
--- !u!4 &7390753245194757881
Transform:
  m_ObjectHideFlags: 0
  m_CorrespondingSourceObject: {fileID: 0}
  m_PrefabInstance: {fileID: 0}
  m_PrefabAsset: {fileID: 0}
  m_GameObject: {fileID: 1640436009049595479}
  m_LocalRotation: {x: -0.025196578, y: 0.99545586, z: -0.071814165, w: -0.05723226}
  m_LocalPosition: {x: -0.00000015258789, y: -0.00000009775162, z: -0.1021652}
  m_LocalScale: {x: 1, y: 1, z: 0.9999999}
  m_ConstrainProportionsScale: 0
  m_Children:
  - {fileID: 3337927753420534566}
  m_Father: {fileID: 6462966917963535112}
  m_RootOrder: 1
  m_LocalEulerAnglesHint: {x: 0, y: 0, z: 0}
--- !u!1 &1758097475989421282
GameObject:
  m_ObjectHideFlags: 0
  m_CorrespondingSourceObject: {fileID: 0}
  m_PrefabInstance: {fileID: 0}
  m_PrefabAsset: {fileID: 0}
  serializedVersion: 6
  m_Component:
  - component: {fileID: 4215771665792921839}
  m_Layer: 0
  m_Name: Bip001 Spine
  m_TagString: Untagged
  m_Icon: {fileID: 0}
  m_NavMeshLayer: 0
  m_StaticEditorFlags: 0
  m_IsActive: 1
--- !u!4 &4215771665792921839
Transform:
  m_ObjectHideFlags: 0
  m_CorrespondingSourceObject: {fileID: 0}
  m_PrefabInstance: {fileID: 0}
  m_PrefabAsset: {fileID: 0}
  m_GameObject: {fileID: 1758097475989421282}
  m_LocalRotation: {x: -0.000002099833, y: 0.0000007136418, z: -0.029631278, w: 0.9995609}
  m_LocalPosition: {x: -0.10999763, y: -0.00011265516, z: 0.0000001527008}
  m_LocalScale: {x: 1, y: 0.99999994, z: 0.99999994}
  m_ConstrainProportionsScale: 0
  m_Children:
  - {fileID: 1958536014091557875}
  m_Father: {fileID: 6462966917963535112}
  m_RootOrder: 2
  m_LocalEulerAnglesHint: {x: 0, y: 0, z: 0}
--- !u!1 &2100614952254236714
GameObject:
  m_ObjectHideFlags: 0
  m_CorrespondingSourceObject: {fileID: 0}
  m_PrefabInstance: {fileID: 0}
  m_PrefabAsset: {fileID: 0}
  serializedVersion: 6
  m_Component:
  - component: {fileID: 5542071920435430467}
  m_Layer: 0
  m_Name: Bip001 Head
  m_TagString: Untagged
  m_Icon: {fileID: 0}
  m_NavMeshLayer: 0
  m_StaticEditorFlags: 0
  m_IsActive: 1
--- !u!4 &5542071920435430467
Transform:
  m_ObjectHideFlags: 0
  m_CorrespondingSourceObject: {fileID: 0}
  m_PrefabInstance: {fileID: 0}
  m_PrefabAsset: {fileID: 0}
  m_GameObject: {fileID: 2100614952254236714}
  m_LocalRotation: {x: -2.562306e-13, y: -0.0000001723861, z: 0.062153127, w: 0.9980666}
  m_LocalPosition: {x: -0.08765838, y: 0.0034489823, z: -0.0000000034918048}
  m_LocalScale: {x: 0.99999994, y: 0.99999994, z: 1}
  m_ConstrainProportionsScale: 0
  m_Children:
  - {fileID: 8620861114236847909}
  - {fileID: 5091865431562041963}
  m_Father: {fileID: 1081208984229612329}
  m_RootOrder: 0
  m_LocalEulerAnglesHint: {x: 0, y: 0, z: 0}
--- !u!1 &2841326738105592183
GameObject:
  m_ObjectHideFlags: 0
  m_CorrespondingSourceObject: {fileID: 0}
  m_PrefabInstance: {fileID: 0}
  m_PrefabAsset: {fileID: 0}
  serializedVersion: 6
  m_Component:
  - component: {fileID: 8258949637038292952}
  m_Layer: 0
  m_Name: Bip001 R Hand
  m_TagString: Untagged
  m_Icon: {fileID: 0}
  m_NavMeshLayer: 0
  m_StaticEditorFlags: 0
  m_IsActive: 1
--- !u!4 &8258949637038292952
Transform:
  m_ObjectHideFlags: 0
  m_CorrespondingSourceObject: {fileID: 0}
  m_PrefabInstance: {fileID: 0}
  m_PrefabAsset: {fileID: 0}
  m_GameObject: {fileID: 2841326738105592183}
  m_LocalRotation: {x: 0.626299, y: 0.14283285, z: -0.1452914, w: 0.75248843}
  m_LocalPosition: {x: -0.26776633, y: 0.000000019073486, z: 0}
  m_LocalScale: {x: 1, y: 1.0000001, z: 1}
  m_ConstrainProportionsScale: 0
  m_Children:
  - {fileID: 3383611160100790373}
  - {fileID: 4689582446228330267}
  - {fileID: 2442386102454667609}
  m_Father: {fileID: 3044439612436814298}
  m_RootOrder: 0
  m_LocalEulerAnglesHint: {x: 0, y: 0, z: 0}
--- !u!1 &2864737251160378877
GameObject:
  m_ObjectHideFlags: 0
  m_CorrespondingSourceObject: {fileID: 0}
  m_PrefabInstance: {fileID: 0}
  m_PrefabAsset: {fileID: 0}
  serializedVersion: 6
  m_Component:
  - component: {fileID: 2267214527467407205}
  m_Layer: 0
  m_Name: Bip001 R Toe0
  m_TagString: Untagged
  m_Icon: {fileID: 0}
  m_NavMeshLayer: 0
  m_StaticEditorFlags: 0
  m_IsActive: 1
--- !u!4 &2267214527467407205
Transform:
  m_ObjectHideFlags: 0
  m_CorrespondingSourceObject: {fileID: 0}
  m_PrefabInstance: {fileID: 0}
  m_PrefabAsset: {fileID: 0}
  m_GameObject: {fileID: 2864737251160378877}
  m_LocalRotation: {x: -0.0000000049175948, y: 0.000000025991021, z: -0.7071068, w: 0.7071068}
  m_LocalPosition: {x: -0.11805019, y: 0.17154966, z: 0.000000019073486}
  m_LocalScale: {x: 1, y: 1, z: 1}
  m_ConstrainProportionsScale: 0
  m_Children: []
  m_Father: {fileID: 3498477759518449007}
  m_RootOrder: 0
  m_LocalEulerAnglesHint: {x: 0, y: 0, z: 0}
--- !u!1 &2973431268732587197
GameObject:
  m_ObjectHideFlags: 0
  m_CorrespondingSourceObject: {fileID: 0}
  m_PrefabInstance: {fileID: 0}
  m_PrefabAsset: {fileID: 0}
  serializedVersion: 6
  m_Component:
  - component: {fileID: 7883831378236802831}
  m_Layer: 0
  m_Name: main_root
  m_TagString: Untagged
  m_Icon: {fileID: 0}
  m_NavMeshLayer: 0
  m_StaticEditorFlags: 0
  m_IsActive: 1
--- !u!4 &7883831378236802831
Transform:
  m_ObjectHideFlags: 0
  m_CorrespondingSourceObject: {fileID: 0}
  m_PrefabInstance: {fileID: 0}
  m_PrefabAsset: {fileID: 0}
  m_GameObject: {fileID: 2973431268732587197}
  m_LocalRotation: {x: -0.7071068, y: -0, z: -0, w: 0.7071068}
  m_LocalPosition: {x: 0, y: 0, z: 0}
  m_LocalScale: {x: 1, y: 1, z: 1}
  m_ConstrainProportionsScale: 0
  m_Children:
  - {fileID: 289990486516942450}
  m_Father: {fileID: 1752267914365814318}
  m_RootOrder: 1
  m_LocalEulerAnglesHint: {x: 0, y: 0, z: 0}
--- !u!1 &3635461663305132299
GameObject:
  m_ObjectHideFlags: 0
  m_CorrespondingSourceObject: {fileID: 0}
  m_PrefabInstance: {fileID: 0}
  m_PrefabAsset: {fileID: 0}
  serializedVersion: 6
  m_Component:
  - component: {fileID: 9094645959819230839}
  m_Layer: 0
  m_Name: Bip001 R Finger01
  m_TagString: Untagged
  m_Icon: {fileID: 0}
  m_NavMeshLayer: 0
  m_StaticEditorFlags: 0
  m_IsActive: 1
--- !u!4 &9094645959819230839
Transform:
  m_ObjectHideFlags: 0
  m_CorrespondingSourceObject: {fileID: 0}
  m_PrefabInstance: {fileID: 0}
  m_PrefabAsset: {fileID: 0}
  m_GameObject: {fileID: 3635461663305132299}
  m_LocalRotation: {x: 0.000000014872109, y: -9.3004165e-10, z: -0.06241404, w: 0.99805033}
  m_LocalPosition: {x: -0.06048683, y: -0.000000038146972, z: 0.000000038146972}
  m_LocalScale: {x: 1, y: 1, z: 1}
  m_ConstrainProportionsScale: 0
  m_Children: []
  m_Father: {fileID: 3383611160100790373}
  m_RootOrder: 0
  m_LocalEulerAnglesHint: {x: 0, y: 0, z: 0}
--- !u!1 &3928973367944651667
GameObject:
  m_ObjectHideFlags: 0
  m_CorrespondingSourceObject: {fileID: 0}
  m_PrefabInstance: {fileID: 0}
  m_PrefabAsset: {fileID: 0}
  serializedVersion: 6
  m_Component:
  - component: {fileID: 6462966917963535112}
  m_Layer: 0
  m_Name: Bip001 Pelvis
  m_TagString: Untagged
  m_Icon: {fileID: 0}
  m_NavMeshLayer: 0
  m_StaticEditorFlags: 0
  m_IsActive: 1
--- !u!4 &6462966917963535112
Transform:
  m_ObjectHideFlags: 0
  m_CorrespondingSourceObject: {fileID: 0}
  m_PrefabInstance: {fileID: 0}
  m_PrefabAsset: {fileID: 0}
  m_GameObject: {fileID: 3928973367944651667}
  m_LocalRotation: {x: -0.5, y: 0.5, z: 0.49999934, w: 0.50000066}
  m_LocalPosition: {x: -0, y: 0, z: 0}
  m_LocalScale: {x: 1, y: 0.99999994, z: 0.99999994}
  m_ConstrainProportionsScale: 0
  m_Children:
  - {fileID: 4244868145051612183}
  - {fileID: 7390753245194757881}
  - {fileID: 4215771665792921839}
  m_Father: {fileID: 289990486516942450}
  m_RootOrder: 1
  m_LocalEulerAnglesHint: {x: 0, y: 0, z: 0}
--- !u!1 &4023441164563638965
GameObject:
  m_ObjectHideFlags: 0
  m_CorrespondingSourceObject: {fileID: 0}
  m_PrefabInstance: {fileID: 0}
  m_PrefabAsset: {fileID: 0}
  serializedVersion: 6
  m_Component:
  - component: {fileID: 3498477759518449007}
  m_Layer: 0
  m_Name: Bip001 R Foot
  m_TagString: Untagged
  m_Icon: {fileID: 0}
  m_NavMeshLayer: 0
  m_StaticEditorFlags: 0
  m_IsActive: 1
--- !u!4 &3498477759518449007
Transform:
  m_ObjectHideFlags: 0
  m_CorrespondingSourceObject: {fileID: 0}
  m_PrefabInstance: {fileID: 0}
  m_PrefabAsset: {fileID: 0}
  m_GameObject: {fileID: 4023441164563638965}
  m_LocalRotation: {x: 0.10970932, y: -0.063391425, z: -0.06896666, w: 0.9895398}
  m_LocalPosition: {x: -0.4380808, y: 0, z: -0.000000038146972}
  m_LocalScale: {x: 1, y: 1, z: 1}
  m_ConstrainProportionsScale: 0
  m_Children:
  - {fileID: 2267214527467407205}
  m_Father: {fileID: 3337927753420534566}
  m_RootOrder: 0
  m_LocalEulerAnglesHint: {x: 0, y: 0, z: 0}
--- !u!1 &4160321593844452750
GameObject:
  m_ObjectHideFlags: 0
  m_CorrespondingSourceObject: {fileID: 0}
  m_PrefabInstance: {fileID: 0}
  m_PrefabAsset: {fileID: 0}
  serializedVersion: 6
  m_Component:
  - component: {fileID: 3383611160100790373}
  m_Layer: 0
  m_Name: Bip001 R Finger0
  m_TagString: Untagged
  m_Icon: {fileID: 0}
  m_NavMeshLayer: 0
  m_StaticEditorFlags: 0
  m_IsActive: 1
--- !u!4 &3383611160100790373
Transform:
  m_ObjectHideFlags: 0
  m_CorrespondingSourceObject: {fileID: 0}
  m_PrefabInstance: {fileID: 0}
  m_PrefabAsset: {fileID: 0}
  m_GameObject: {fileID: 4160321593844452750}
  m_LocalRotation: {x: -0.53509754, y: 0.3583728, z: 0.0052798423, w: 0.76499134}
  m_LocalPosition: {x: -0.007120895, y: 0.0056719207, z: 0.042833593}
  m_LocalScale: {x: 1.0000001, y: 1, z: 1.0000001}
  m_ConstrainProportionsScale: 0
  m_Children:
  - {fileID: 9094645959819230839}
  m_Father: {fileID: 8258949637038292952}
  m_RootOrder: 0
  m_LocalEulerAnglesHint: {x: 0, y: 0, z: 0}
--- !u!1 &4355431033328898903
GameObject:
  m_ObjectHideFlags: 0
  m_CorrespondingSourceObject: {fileID: 0}
  m_PrefabInstance: {fileID: 0}
  m_PrefabAsset: {fileID: 0}
  serializedVersion: 6
  m_Component:
  - component: {fileID: 6259173644677566237}
  m_Layer: 0
  m_Name: Bip001 L Foot
  m_TagString: Untagged
  m_Icon: {fileID: 0}
  m_NavMeshLayer: 0
  m_StaticEditorFlags: 0
  m_IsActive: 1
--- !u!4 &6259173644677566237
Transform:
  m_ObjectHideFlags: 0
  m_CorrespondingSourceObject: {fileID: 0}
  m_PrefabInstance: {fileID: 0}
  m_PrefabAsset: {fileID: 0}
  m_GameObject: {fileID: 4355431033328898903}
  m_LocalRotation: {x: -0.10970931, y: 0.06339135, z: -0.06896669, w: 0.9895398}
  m_LocalPosition: {x: -0.43808073, y: -0.0000000047683715, z: 0.000000019073486}
  m_LocalScale: {x: 1.0000001, y: 1.0000002, z: 1.0000001}
  m_ConstrainProportionsScale: 0
  m_Children:
  - {fileID: 2019160048885456820}
  m_Father: {fileID: 6870390597400884520}
  m_RootOrder: 0
  m_LocalEulerAnglesHint: {x: 0, y: 0, z: 0}
--- !u!1 &4577814202905782373
GameObject:
  m_ObjectHideFlags: 0
  m_CorrespondingSourceObject: {fileID: 0}
  m_PrefabInstance: {fileID: 0}
  m_PrefabAsset: {fileID: 0}
  serializedVersion: 6
  m_Component:
  - component: {fileID: 7918497884002482696}
  m_Layer: 0
  m_Name: Bip001 L Finger11
  m_TagString: Untagged
  m_Icon: {fileID: 0}
  m_NavMeshLayer: 0
  m_StaticEditorFlags: 0
  m_IsActive: 1
--- !u!4 &7918497884002482696
Transform:
  m_ObjectHideFlags: 0
  m_CorrespondingSourceObject: {fileID: 0}
  m_PrefabInstance: {fileID: 0}
  m_PrefabAsset: {fileID: 0}
  m_GameObject: {fileID: 4577814202905782373}
  m_LocalRotation: {x: -0.000000010384166, y: 0.0000000017864406, z: -0.81675565, w: 0.5769837}
  m_LocalPosition: {x: -0.04529678, y: 0, z: -0.000000038146972}
  m_LocalScale: {x: 1.0000001, y: 1.0000001, z: 1}
  m_ConstrainProportionsScale: 0
  m_Children: []
  m_Father: {fileID: 4771642905964865226}
  m_RootOrder: 0
  m_LocalEulerAnglesHint: {x: 0, y: 0, z: 0}
--- !u!1 &4579379636237023070
GameObject:
  m_ObjectHideFlags: 0
  m_CorrespondingSourceObject: {fileID: 0}
  m_PrefabInstance: {fileID: 0}
  m_PrefabAsset: {fileID: 0}
  serializedVersion: 6
  m_Component:
  - component: {fileID: 3207630333523369647}
  m_Layer: 0
  m_Name: Bip001 L UpperArm
  m_TagString: Untagged
  m_Icon: {fileID: 0}
  m_NavMeshLayer: 0
  m_StaticEditorFlags: 0
  m_IsActive: 1
--- !u!4 &3207630333523369647
Transform:
  m_ObjectHideFlags: 0
  m_CorrespondingSourceObject: {fileID: 0}
  m_PrefabInstance: {fileID: 0}
  m_PrefabAsset: {fileID: 0}
  m_GameObject: {fileID: 4579379636237023070}
  m_LocalRotation: {x: 0.1008149, y: -0.5249703, z: -0.11857648, w: 0.83676887}
  m_LocalPosition: {x: -0.137121, y: -0.000000009536743, z: 0}
  m_LocalScale: {x: 1.0000001, y: 1, z: 1.0000002}
  m_ConstrainProportionsScale: 0
  m_Children:
  - {fileID: 131201669116558222}
  m_Father: {fileID: 3350815068894649242}
  m_RootOrder: 0
  m_LocalEulerAnglesHint: {x: 0, y: 0, z: 0}
--- !u!1 &4629401072560504985
GameObject:
  m_ObjectHideFlags: 0
  m_CorrespondingSourceObject: {fileID: 0}
  m_PrefabInstance: {fileID: 0}
  m_PrefabAsset: {fileID: 0}
  serializedVersion: 6
  m_Component:
  - component: {fileID: 131201669116558222}
  m_Layer: 0
  m_Name: Bip001 L Forearm
  m_TagString: Untagged
  m_Icon: {fileID: 0}
  m_NavMeshLayer: 0
  m_StaticEditorFlags: 0
  m_IsActive: 1
--- !u!4 &131201669116558222
Transform:
  m_ObjectHideFlags: 0
  m_CorrespondingSourceObject: {fileID: 0}
  m_PrefabInstance: {fileID: 0}
  m_PrefabAsset: {fileID: 0}
  m_GameObject: {fileID: 4629401072560504985}
  m_LocalRotation: {x: 0.00000000726005, y: 0.0000000016741678, z: 0.22470297, w: 0.9744273}
  m_LocalPosition: {x: -0.28995383, y: 0, z: 0.000000076293944}
  m_LocalScale: {x: 1, y: 0.99999994, z: 1}
  m_ConstrainProportionsScale: 0
  m_Children:
  - {fileID: 6364946067727135379}
  m_Father: {fileID: 3207630333523369647}
  m_RootOrder: 0
  m_LocalEulerAnglesHint: {x: 0, y: 0, z: 0}
--- !u!1 &4720187993710426246
GameObject:
  m_ObjectHideFlags: 0
  m_CorrespondingSourceObject: {fileID: 0}
  m_PrefabInstance: {fileID: 0}
  m_PrefabAsset: {fileID: 0}
  serializedVersion: 6
  m_Component:
  - component: {fileID: 1958536014091557875}
  m_Layer: 0
  m_Name: Bip001 Spine1
  m_TagString: Untagged
  m_Icon: {fileID: 0}
  m_NavMeshLayer: 0
  m_StaticEditorFlags: 0
  m_IsActive: 1
--- !u!4 &1958536014091557875
Transform:
  m_ObjectHideFlags: 0
  m_CorrespondingSourceObject: {fileID: 0}
  m_PrefabInstance: {fileID: 0}
  m_PrefabAsset: {fileID: 0}
  m_GameObject: {fileID: 4720187993710426246}
  m_LocalRotation: {x: 3.9933246e-14, y: -0.00000019347675, z: 0.06975654, w: 0.997564}
  m_LocalPosition: {x: -0.1417517, y: -0.00022813797, z: -6.327536e-10}
  m_LocalScale: {x: 1.0000001, y: 1.0000001, z: 1}
  m_ConstrainProportionsScale: 0
  m_Children:
  - {fileID: 3350815068894649242}
  - {fileID: 1081208984229612329}
  - {fileID: 4757951598124789824}
  m_Father: {fileID: 4215771665792921839}
  m_RootOrder: 0
  m_LocalEulerAnglesHint: {x: 0, y: 0, z: 0}
--- !u!1 &5167875765249146142
GameObject:
  m_ObjectHideFlags: 0
  m_CorrespondingSourceObject: {fileID: 0}
  m_PrefabInstance: {fileID: 0}
  m_PrefabAsset: {fileID: 0}
  serializedVersion: 6
  m_Component:
  - component: {fileID: 1081208984229612329}
  m_Layer: 0
  m_Name: Bip001 Neck
  m_TagString: Untagged
  m_Icon: {fileID: 0}
  m_NavMeshLayer: 0
  m_StaticEditorFlags: 0
  m_IsActive: 1
--- !u!4 &1081208984229612329
Transform:
  m_ObjectHideFlags: 0
  m_CorrespondingSourceObject: {fileID: 0}
  m_PrefabInstance: {fileID: 0}
  m_PrefabAsset: {fileID: 0}
  m_GameObject: {fileID: 5167875765249146142}
  m_LocalRotation: {x: 5.0835207e-14, y: 0.0000004816309, z: -0.17364822, w: 0.9848078}
  m_LocalPosition: {x: -0.30904114, y: 0.01975025, z: 0.000000019907802}
  m_LocalScale: {x: 1.0000001, y: 1.0000001, z: 1}
  m_ConstrainProportionsScale: 0
  m_Children:
  - {fileID: 5542071920435430467}
  m_Father: {fileID: 1958536014091557875}
  m_RootOrder: 1
  m_LocalEulerAnglesHint: {x: 0, y: 0, z: 0}
--- !u!1 &5671448568134101160
GameObject:
  m_ObjectHideFlags: 0
  m_CorrespondingSourceObject: {fileID: 0}
  m_PrefabInstance: {fileID: 0}
  m_PrefabAsset: {fileID: 0}
  serializedVersion: 6
  m_Component:
  - component: {fileID: 4771642905964865226}
  m_Layer: 0
  m_Name: Bip001 L Finger1
  m_TagString: Untagged
  m_Icon: {fileID: 0}
  m_NavMeshLayer: 0
  m_StaticEditorFlags: 0
  m_IsActive: 1
--- !u!4 &4771642905964865226
Transform:
  m_ObjectHideFlags: 0
  m_CorrespondingSourceObject: {fileID: 0}
  m_PrefabInstance: {fileID: 0}
  m_PrefabAsset: {fileID: 0}
  m_GameObject: {fileID: 5671448568134101160}
  m_LocalRotation: {x: -0.17188428, y: -0.12615542, z: -0.24498418, w: 0.9457925}
  m_LocalPosition: {x: -0.13282722, y: -0.0041542817, z: -0.0407316}
  m_LocalScale: {x: 1.0000001, y: 0.99999994, z: 1.0000001}
  m_ConstrainProportionsScale: 0
  m_Children:
  - {fileID: 7918497884002482696}
  m_Father: {fileID: 6364946067727135379}
  m_RootOrder: 1
  m_LocalEulerAnglesHint: {x: 0, y: 0, z: 0}
--- !u!1 &5939437805959910880
GameObject:
  m_ObjectHideFlags: 0
  m_CorrespondingSourceObject: {fileID: 0}
  m_PrefabInstance: {fileID: 0}
  m_PrefabAsset: {fileID: 0}
  serializedVersion: 6
  m_Component:
  - component: {fileID: 3337927753420534566}
  m_Layer: 0
  m_Name: Bip001 R Calf
  m_TagString: Untagged
  m_Icon: {fileID: 0}
  m_NavMeshLayer: 0
  m_StaticEditorFlags: 0
  m_IsActive: 1
--- !u!4 &3337927753420534566
Transform:
  m_ObjectHideFlags: 0
  m_CorrespondingSourceObject: {fileID: 0}
  m_PrefabInstance: {fileID: 0}
  m_PrefabAsset: {fileID: 0}
  m_GameObject: {fileID: 5939437805959910880}
  m_LocalRotation: {x: -0.000000008869896, y: -0.000000004683898, z: 0.105147064, w: 0.9944567}
  m_LocalPosition: {x: -0.4216028, y: 0, z: 0}
  m_LocalScale: {x: 1, y: 1, z: 1}
  m_ConstrainProportionsScale: 0
  m_Children:
  - {fileID: 3498477759518449007}
  m_Father: {fileID: 7390753245194757881}
  m_RootOrder: 0
  m_LocalEulerAnglesHint: {x: 0, y: 0, z: 0}
--- !u!1 &6018472906157427801
GameObject:
  m_ObjectHideFlags: 0
  m_CorrespondingSourceObject: {fileID: 0}
  m_PrefabInstance: {fileID: 0}
  m_PrefabAsset: {fileID: 0}
  serializedVersion: 6
  m_Component:
  - component: {fileID: 8620861114236847909}
  m_Layer: 0
  m_Name: Bip001 Bip001 chelust
  m_TagString: Untagged
  m_Icon: {fileID: 0}
  m_NavMeshLayer: 0
  m_StaticEditorFlags: 0
  m_IsActive: 1
--- !u!4 &8620861114236847909
Transform:
  m_ObjectHideFlags: 0
  m_CorrespondingSourceObject: {fileID: 0}
  m_PrefabInstance: {fileID: 0}
  m_PrefabAsset: {fileID: 0}
  m_GameObject: {fileID: 6018472906157427801}
  m_LocalRotation: {x: -1.7062637e-12, y: -0.0000024749454, z: 0.8923226, w: -0.45139837}
  m_LocalPosition: {x: -0.066905975, y: 0.026451034, z: -0.00000008642913}
  m_LocalScale: {x: 1, y: 1, z: 0.99999994}
  m_ConstrainProportionsScale: 0
  m_Children: []
  m_Father: {fileID: 5542071920435430467}
  m_RootOrder: 0
  m_LocalEulerAnglesHint: {x: 0, y: 0, z: 0}
--- !u!1 &6282687947964430626
GameObject:
  m_ObjectHideFlags: 0
  m_CorrespondingSourceObject: {fileID: 0}
  m_PrefabInstance: {fileID: 0}
  m_PrefabAsset: {fileID: 0}
  serializedVersion: 6
  m_Component:
  - component: {fileID: 3889461119805164692}
  m_Layer: 0
  m_Name: Bip001 L Finger21
  m_TagString: Untagged
  m_Icon: {fileID: 0}
  m_NavMeshLayer: 0
  m_StaticEditorFlags: 0
  m_IsActive: 1
--- !u!4 &3889461119805164692
Transform:
  m_ObjectHideFlags: 0
  m_CorrespondingSourceObject: {fileID: 0}
  m_PrefabInstance: {fileID: 0}
  m_PrefabAsset: {fileID: 0}
  m_GameObject: {fileID: 6282687947964430626}
  m_LocalRotation: {x: 0.0000000021648785, y: 0.0000000030406084, z: -0.6296834, w: 0.7768519}
  m_LocalPosition: {x: -0.042868994, y: 0, z: 0}
  m_LocalScale: {x: 1, y: 1, z: 0.99999994}
  m_ConstrainProportionsScale: 0
  m_Children: []
  m_Father: {fileID: 3896172729840129584}
  m_RootOrder: 0
  m_LocalEulerAnglesHint: {x: 0, y: 0, z: 0}
--- !u!1 &6391627564987546353
GameObject:
  m_ObjectHideFlags: 0
  m_CorrespondingSourceObject: {fileID: 0}
  m_PrefabInstance: {fileID: 0}
  m_PrefabAsset: {fileID: 0}
  serializedVersion: 6
  m_Component:
  - component: {fileID: 5624433651716011086}
  m_Layer: 0
  m_Name: Bip001 L Finger0
  m_TagString: Untagged
  m_Icon: {fileID: 0}
  m_NavMeshLayer: 0
  m_StaticEditorFlags: 0
  m_IsActive: 1
--- !u!4 &5624433651716011086
Transform:
  m_ObjectHideFlags: 0
  m_CorrespondingSourceObject: {fileID: 0}
  m_PrefabInstance: {fileID: 0}
  m_PrefabAsset: {fileID: 0}
  m_GameObject: {fileID: 6391627564987546353}
  m_LocalRotation: {x: 0.53509754, y: -0.35837287, z: 0.005279898, w: 0.76499134}
  m_LocalPosition: {x: -0.007120895, y: 0.005671959, z: -0.042833574}
  m_LocalScale: {x: 1, y: 1, z: 1.0000001}
  m_ConstrainProportionsScale: 0
  m_Children:
  - {fileID: 6338446326115559984}
  m_Father: {fileID: 6364946067727135379}
  m_RootOrder: 0
  m_LocalEulerAnglesHint: {x: 0, y: 0, z: 0}
--- !u!1 &6584190313324055392
GameObject:
  m_ObjectHideFlags: 0
  m_CorrespondingSourceObject: {fileID: 0}
  m_PrefabInstance: {fileID: 0}
  m_PrefabAsset: {fileID: 0}
  serializedVersion: 6
  m_Component:
  - component: {fileID: 289990486516942450}
  m_Layer: 0
  m_Name: Bip001
  m_TagString: Untagged
  m_Icon: {fileID: 0}
  m_NavMeshLayer: 0
  m_StaticEditorFlags: 0
  m_IsActive: 1
--- !u!4 &289990486516942450
Transform:
  m_ObjectHideFlags: 0
  m_CorrespondingSourceObject: {fileID: 0}
  m_PrefabInstance: {fileID: 0}
  m_PrefabAsset: {fileID: 0}
  m_GameObject: {fileID: 6584190313324055392}
  m_LocalRotation: {x: 0, y: 0, z: 0.7071063, w: 0.70710725}
  m_LocalPosition: {x: -0, y: 0.028196944, z: 0.9737688}
  m_LocalScale: {x: 0.99999994, y: 0.99999994, z: 1}
  m_ConstrainProportionsScale: 0
  m_Children:
  - {fileID: 6122508198741019102}
  - {fileID: 6462966917963535112}
  m_Father: {fileID: 7883831378236802831}
  m_RootOrder: 0
  m_LocalEulerAnglesHint: {x: 0, y: 0, z: 0}
--- !u!1 &6983593065246882561
GameObject:
  m_ObjectHideFlags: 0
  m_CorrespondingSourceObject: {fileID: 0}
  m_PrefabInstance: {fileID: 0}
  m_PrefabAsset: {fileID: 0}
  serializedVersion: 6
  m_Component:
  - component: {fileID: 4244868145051612183}
  m_Layer: 0
  m_Name: Bip001 L Thigh
  m_TagString: Untagged
  m_Icon: {fileID: 0}
  m_NavMeshLayer: 0
  m_StaticEditorFlags: 0
  m_IsActive: 1
--- !u!4 &4244868145051612183
Transform:
  m_ObjectHideFlags: 0
  m_CorrespondingSourceObject: {fileID: 0}
  m_PrefabInstance: {fileID: 0}
  m_PrefabAsset: {fileID: 0}
  m_GameObject: {fileID: 6983593065246882561}
  m_LocalRotation: {x: -0.025196534, y: 0.99545604, z: 0.07181282, w: 0.057230826}
  m_LocalPosition: {x: 0.00000015258789, y: 0.0000001835823, z: 0.1021652}
  m_LocalScale: {x: 1, y: 0.99999994, z: 1}
  m_ConstrainProportionsScale: 0
  m_Children:
  - {fileID: 6870390597400884520}
  m_Father: {fileID: 6462966917963535112}
  m_RootOrder: 0
  m_LocalEulerAnglesHint: {x: 0, y: 0, z: 0}
--- !u!1 &7148039649135347318
GameObject:
  m_ObjectHideFlags: 0
  m_CorrespondingSourceObject: {fileID: 0}
  m_PrefabInstance: {fileID: 0}
  m_PrefabAsset: {fileID: 0}
  serializedVersion: 6
  m_Component:
  - component: {fileID: 3087867647452279365}
  m_Layer: 0
  m_Name: Bip001 R Finger11
  m_TagString: Untagged
  m_Icon: {fileID: 0}
  m_NavMeshLayer: 0
  m_StaticEditorFlags: 0
  m_IsActive: 1
--- !u!4 &3087867647452279365
Transform:
  m_ObjectHideFlags: 0
  m_CorrespondingSourceObject: {fileID: 0}
  m_PrefabInstance: {fileID: 0}
  m_PrefabAsset: {fileID: 0}
  m_GameObject: {fileID: 7148039649135347318}
  m_LocalRotation: {x: 0.0000000060853034, y: 0.000000004298863, z: -0.81675565, w: 0.5769837}
  m_LocalPosition: {x: -0.045296628, y: 0.000000038146972, z: 0.000000038146972}
  m_LocalScale: {x: 1.0000001, y: 1.0000001, z: 1}
  m_ConstrainProportionsScale: 0
  m_Children: []
  m_Father: {fileID: 4689582446228330267}
  m_RootOrder: 0
  m_LocalEulerAnglesHint: {x: 0, y: 0, z: 0}
--- !u!1 &7204852952575809387
GameObject:
  m_ObjectHideFlags: 0
  m_CorrespondingSourceObject: {fileID: 0}
  m_PrefabInstance: {fileID: 0}
  m_PrefabAsset: {fileID: 0}
  serializedVersion: 6
  m_Component:
  - component: {fileID: 3044439612436814298}
  m_Layer: 0
  m_Name: Bip001 R Forearm
  m_TagString: Untagged
  m_Icon: {fileID: 0}
  m_NavMeshLayer: 0
  m_StaticEditorFlags: 0
  m_IsActive: 1
--- !u!4 &3044439612436814298
Transform:
  m_ObjectHideFlags: 0
  m_CorrespondingSourceObject: {fileID: 0}
  m_PrefabInstance: {fileID: 0}
  m_PrefabAsset: {fileID: 0}
  m_GameObject: {fileID: 7204852952575809387}
  m_LocalRotation: {x: -0.0000000069783597, y: 0.000000013683014, z: 0.22470298, w: 0.9744273}
  m_LocalPosition: {x: -0.28995383, y: -0.000000038146972, z: 0}
  m_LocalScale: {x: 1, y: 1.0000001, z: 1}
  m_ConstrainProportionsScale: 0
  m_Children:
  - {fileID: 8258949637038292952}
  m_Father: {fileID: 5641256969615594844}
  m_RootOrder: 0
  m_LocalEulerAnglesHint: {x: 0, y: 0, z: 0}
--- !u!1 &7481225393752669755
GameObject:
  m_ObjectHideFlags: 0
  m_CorrespondingSourceObject: {fileID: 0}
  m_PrefabInstance: {fileID: 0}
  m_PrefabAsset: {fileID: 0}
  serializedVersion: 6
  m_Component:
  - component: {fileID: 6364946067727135379}
  m_Layer: 0
  m_Name: Bip001 L Hand
  m_TagString: Untagged
  m_Icon: {fileID: 0}
  m_NavMeshLayer: 0
  m_StaticEditorFlags: 0
  m_IsActive: 1
--- !u!4 &6364946067727135379
Transform:
  m_ObjectHideFlags: 0
  m_CorrespondingSourceObject: {fileID: 0}
  m_PrefabInstance: {fileID: 0}
  m_PrefabAsset: {fileID: 0}
  m_GameObject: {fileID: 7481225393752669755}
  m_LocalRotation: {x: -0.626299, y: -0.14283286, z: -0.1452914, w: 0.75248843}
  m_LocalPosition: {x: -0.26776627, y: 0.000000009536743, z: 0}
  m_LocalScale: {x: 1.0000001, y: 1.0000001, z: 1.0000001}
  m_ConstrainProportionsScale: 0
  m_Children:
  - {fileID: 5624433651716011086}
  - {fileID: 4771642905964865226}
  - {fileID: 3896172729840129584}
  m_Father: {fileID: 131201669116558222}
  m_RootOrder: 0
  m_LocalEulerAnglesHint: {x: 0, y: 0, z: 0}
--- !u!1 &7653569762406649382
GameObject:
  m_ObjectHideFlags: 0
  m_CorrespondingSourceObject: {fileID: 0}
  m_PrefabInstance: {fileID: 0}
  m_PrefabAsset: {fileID: 0}
  serializedVersion: 6
  m_Component:
  - component: {fileID: 3350815068894649242}
  m_Layer: 0
  m_Name: Bip001 L Clavicle
  m_TagString: Untagged
  m_Icon: {fileID: 0}
  m_NavMeshLayer: 0
  m_StaticEditorFlags: 0
  m_IsActive: 1
--- !u!4 &3350815068894649242
Transform:
  m_ObjectHideFlags: 0
  m_CorrespondingSourceObject: {fileID: 0}
  m_PrefabInstance: {fileID: 0}
  m_PrefabAsset: {fileID: 0}
  m_GameObject: {fileID: 7653569762406649382}
  m_LocalRotation: {x: 0.7071077, y: 0.00028152892, z: -0.70710576, w: 0.0002815297}
  m_LocalPosition: {x: -0.2653639, y: 0.002264366, z: 0.029936157}
  m_LocalScale: {x: 1, y: 1.0000001, z: 1.0000001}
  m_ConstrainProportionsScale: 0
  m_Children:
  - {fileID: 3207630333523369647}
  m_Father: {fileID: 1958536014091557875}
  m_RootOrder: 0
  m_LocalEulerAnglesHint: {x: 0, y: 0, z: 0}
--- !u!1 &7709917908289831972
GameObject:
  m_ObjectHideFlags: 0
  m_CorrespondingSourceObject: {fileID: 0}
  m_PrefabInstance: {fileID: 0}
  m_PrefabAsset: {fileID: 0}
  serializedVersion: 6
  m_Component:
  - component: {fileID: 6122508198741019102}
  m_Layer: 0
  m_Name: Bip001 Footsteps
  m_TagString: Untagged
  m_Icon: {fileID: 0}
  m_NavMeshLayer: 0
  m_StaticEditorFlags: 0
  m_IsActive: 1
--- !u!4 &6122508198741019102
Transform:
  m_ObjectHideFlags: 0
  m_CorrespondingSourceObject: {fileID: 0}
  m_PrefabInstance: {fileID: 0}
  m_PrefabAsset: {fileID: 0}
  m_GameObject: {fileID: 7709917908289831972}
  m_LocalRotation: {x: 0, y: -0, z: -0.7071063, w: 0.70710725}
  m_LocalPosition: {x: -0, y: 0, z: -0.9667482}
  m_LocalScale: {x: 1, y: 1, z: 1}
  m_ConstrainProportionsScale: 0
  m_Children: []
  m_Father: {fileID: 289990486516942450}
  m_RootOrder: 0
  m_LocalEulerAnglesHint: {x: 0, y: 0, z: 0}
--- !u!1 &7885889758860784670
GameObject:
  m_ObjectHideFlags: 0
  m_CorrespondingSourceObject: {fileID: 0}
  m_PrefabInstance: {fileID: 0}
  m_PrefabAsset: {fileID: 0}
  serializedVersion: 6
  m_Component:
  - component: {fileID: 2442386102454667609}
  m_Layer: 0
  m_Name: Bip001 R Finger2
  m_TagString: Untagged
  m_Icon: {fileID: 0}
  m_NavMeshLayer: 0
  m_StaticEditorFlags: 0
  m_IsActive: 1
--- !u!4 &2442386102454667609
Transform:
  m_ObjectHideFlags: 0
  m_CorrespondingSourceObject: {fileID: 0}
  m_PrefabInstance: {fileID: 0}
  m_PrefabAsset: {fileID: 0}
  m_GameObject: {fileID: 7885889758860784670}
  m_LocalRotation: {x: 0.08993558, y: -0.028632674, z: -0.62306976, w: 0.7764508}
  m_LocalPosition: {x: -0.1328585, y: 0.000009651184, z: -0.012139482}
  m_LocalScale: {x: 0.99999994, y: 0.99999994, z: 1}
  m_ConstrainProportionsScale: 0
  m_Children:
  - {fileID: 612461394761886811}
  m_Father: {fileID: 8258949637038292952}
  m_RootOrder: 2
  m_LocalEulerAnglesHint: {x: 0, y: 0, z: 0}
--- !u!1 &9115380155363629825
GameObject:
  m_ObjectHideFlags: 0
  m_CorrespondingSourceObject: {fileID: 0}
  m_PrefabInstance: {fileID: 0}
  m_PrefabAsset: {fileID: 0}
  serializedVersion: 6
  m_Component:
  - component: {fileID: 4689582446228330267}
  m_Layer: 0
  m_Name: Bip001 R Finger1
  m_TagString: Untagged
  m_Icon: {fileID: 0}
  m_NavMeshLayer: 0
  m_StaticEditorFlags: 0
  m_IsActive: 1
--- !u!4 &4689582446228330267
Transform:
  m_ObjectHideFlags: 0
  m_CorrespondingSourceObject: {fileID: 0}
  m_PrefabInstance: {fileID: 0}
  m_PrefabAsset: {fileID: 0}
  m_GameObject: {fileID: 9115380155363629825}
  m_LocalRotation: {x: 0.17188428, y: 0.1261554, z: -0.24498416, w: 0.9457925}
  m_LocalPosition: {x: -0.1328273, y: -0.0041543576, z: 0.04073161}
  m_LocalScale: {x: 1.0000001, y: 0.99999994, z: 1.0000001}
  m_ConstrainProportionsScale: 0
  m_Children:
  - {fileID: 3087867647452279365}
  m_Father: {fileID: 8258949637038292952}
  m_RootOrder: 1
  m_LocalEulerAnglesHint: {x: 0, y: 0, z: 0}
--- !u!1001 &1053823630774467401
PrefabInstance:
  m_ObjectHideFlags: 0
  serializedVersion: 2
  m_Modification:
    m_TransformParent: {fileID: 0}
    m_Modifications:
    - target: {fileID: -3433484430313442595, guid: 8a28930941fd8ac48af018ec5d9e4354, type: 3}
      propertyPath: _death.Array.size
      value: 6
      objectReference: {fileID: 0}
    - target: {fileID: -3433484430313442595, guid: 8a28930941fd8ac48af018ec5d9e4354, type: 3}
      propertyPath: _death.Array.data[0]
      value: 
      objectReference: {fileID: 8300000, guid: 6dd9850c6c488d94f973af7404b47a96, type: 3}
    - target: {fileID: -3433484430313442595, guid: 8a28930941fd8ac48af018ec5d9e4354, type: 3}
      propertyPath: _death.Array.data[1]
      value: 
      objectReference: {fileID: 8300000, guid: 3531d77533037154d80b5ebd5bb7efa1, type: 3}
    - target: {fileID: -3433484430313442595, guid: 8a28930941fd8ac48af018ec5d9e4354, type: 3}
      propertyPath: _death.Array.data[2]
      value: 
      objectReference: {fileID: 8300000, guid: 3f4e0b869ca532c4c85ca565b46ca5ad, type: 3}
    - target: {fileID: -3433484430313442595, guid: 8a28930941fd8ac48af018ec5d9e4354, type: 3}
      propertyPath: _death.Array.data[3]
      value: 
      objectReference: {fileID: 8300000, guid: cd89539cde40a8b4895b282707acc41d, type: 3}
    - target: {fileID: -3433484430313442595, guid: 8a28930941fd8ac48af018ec5d9e4354, type: 3}
      propertyPath: _death.Array.data[4]
      value: 
      objectReference: {fileID: 8300000, guid: 1572435fe6203ec4fa4bd247b229b2d2, type: 3}
    - target: {fileID: -3433484430313442595, guid: 8a28930941fd8ac48af018ec5d9e4354, type: 3}
      propertyPath: _death.Array.data[5]
      value: 
      objectReference: {fileID: 8300000, guid: 205d1ce22ae5b4741aadf1b0e7ab82b1, type: 3}
    - target: {fileID: -3433484430313442595, guid: 8a28930941fd8ac48af018ec5d9e4354, type: 3}
      propertyPath: _footStep.Array.size
      value: 4
      objectReference: {fileID: 0}
    - target: {fileID: -3433484430313442595, guid: 8a28930941fd8ac48af018ec5d9e4354, type: 3}
      propertyPath: _footStep.Array.data[0]
      value: 
      objectReference: {fileID: 8300000, guid: c060387b290d718468d06c8b966b9348, type: 3}
    - target: {fileID: -3433484430313442595, guid: 8a28930941fd8ac48af018ec5d9e4354, type: 3}
      propertyPath: _footStep.Array.data[1]
      value: 
      objectReference: {fileID: 8300000, guid: d98ffaf642576744fa70edd9b493fab8, type: 3}
    - target: {fileID: -3433484430313442595, guid: 8a28930941fd8ac48af018ec5d9e4354, type: 3}
      propertyPath: _footStep.Array.data[2]
      value: 
      objectReference: {fileID: 8300000, guid: 779d4144846011b45b425e4706c11e04, type: 3}
    - target: {fileID: -3433484430313442595, guid: 8a28930941fd8ac48af018ec5d9e4354, type: 3}
      propertyPath: _footStep.Array.data[3]
      value: 
      objectReference: {fileID: 8300000, guid: b51917449968e254997f5d3e9d26548d, type: 3}
    - target: {fileID: 1643428348181855591, guid: 8a28930941fd8ac48af018ec5d9e4354, type: 3}
      propertyPath: m_RootOrder
      value: 0
      objectReference: {fileID: 0}
    - target: {fileID: 1643428348181855591, guid: 8a28930941fd8ac48af018ec5d9e4354, type: 3}
      propertyPath: m_LocalPosition.x
      value: 0
      objectReference: {fileID: 0}
    - target: {fileID: 1643428348181855591, guid: 8a28930941fd8ac48af018ec5d9e4354, type: 3}
      propertyPath: m_LocalPosition.y
      value: 0
      objectReference: {fileID: 0}
    - target: {fileID: 1643428348181855591, guid: 8a28930941fd8ac48af018ec5d9e4354, type: 3}
      propertyPath: m_LocalPosition.z
      value: 0
      objectReference: {fileID: 0}
    - target: {fileID: 1643428348181855591, guid: 8a28930941fd8ac48af018ec5d9e4354, type: 3}
      propertyPath: m_LocalRotation.w
      value: 1
      objectReference: {fileID: 0}
    - target: {fileID: 1643428348181855591, guid: 8a28930941fd8ac48af018ec5d9e4354, type: 3}
      propertyPath: m_LocalRotation.x
      value: 0
      objectReference: {fileID: 0}
    - target: {fileID: 1643428348181855591, guid: 8a28930941fd8ac48af018ec5d9e4354, type: 3}
      propertyPath: m_LocalRotation.y
      value: 0
      objectReference: {fileID: 0}
    - target: {fileID: 1643428348181855591, guid: 8a28930941fd8ac48af018ec5d9e4354, type: 3}
      propertyPath: m_LocalRotation.z
      value: 0
      objectReference: {fileID: 0}
    - target: {fileID: 1643428348181855591, guid: 8a28930941fd8ac48af018ec5d9e4354, type: 3}
      propertyPath: m_LocalEulerAnglesHint.x
      value: 0
      objectReference: {fileID: 0}
    - target: {fileID: 1643428348181855591, guid: 8a28930941fd8ac48af018ec5d9e4354, type: 3}
      propertyPath: m_LocalEulerAnglesHint.y
      value: 0
      objectReference: {fileID: 0}
    - target: {fileID: 1643428348181855591, guid: 8a28930941fd8ac48af018ec5d9e4354, type: 3}
      propertyPath: m_LocalEulerAnglesHint.z
      value: 0
      objectReference: {fileID: 0}
    - target: {fileID: 1675660452449595927, guid: 8a28930941fd8ac48af018ec5d9e4354, type: 3}
      propertyPath: m_RootOrder
      value: 5
      objectReference: {fileID: 0}
    - target: {fileID: 1758694331846380385, guid: 8a28930941fd8ac48af018ec5d9e4354, type: 3}
      propertyPath: _unitName
      value: 
      objectReference: {fileID: 3680083796589435501}
    - target: {fileID: 1758694331846380385, guid: 8a28930941fd8ac48af018ec5d9e4354, type: 3}
      propertyPath: _healthBar
      value: 
      objectReference: {fileID: 406800363398386353}
    - target: {fileID: 1758694331846380385, guid: 8a28930941fd8ac48af018ec5d9e4354, type: 3}
      propertyPath: _nameColors
      value: 
      objectReference: {fileID: 8135702592103870111}
    - target: {fileID: 1758694331846380385, guid: 8a28930941fd8ac48af018ec5d9e4354, type: 3}
      propertyPath: _barAutoFader
      value: 
      objectReference: {fileID: 8078272645131936512}
    - target: {fileID: 1758694331846380385, guid: 8a28930941fd8ac48af018ec5d9e4354, type: 3}
      propertyPath: _unitStateView
      value: 
      objectReference: {fileID: 2853656873393031347}
    - target: {fileID: 1758694331846380385, guid: 8a28930941fd8ac48af018ec5d9e4354, type: 3}
      propertyPath: _allowLocamotion
      value: 0
      objectReference: {fileID: 0}
    - target: {fileID: 1758694331846380385, guid: 8a28930941fd8ac48af018ec5d9e4354, type: 3}
      propertyPath: _unitEffectsView
      value: 
      objectReference: {fileID: 0}
    - target: {fileID: 1906041514950655883, guid: 8a28930941fd8ac48af018ec5d9e4354, type: 3}
      propertyPath: m_RootOrder
      value: 3
      objectReference: {fileID: 0}
    - target: {fileID: 2127231522164434909, guid: 8a28930941fd8ac48af018ec5d9e4354, type: 3}
      propertyPath: m_Name
      value: ZombieWeakRaider1View_V2
      objectReference: {fileID: 0}
    - target: {fileID: 4527917226926718782, guid: 8a28930941fd8ac48af018ec5d9e4354, type: 3}
      propertyPath: m_Name
      value: ZombieWeak_v2
      objectReference: {fileID: 0}
    - target: {fileID: 4624789674245908253, guid: 8a28930941fd8ac48af018ec5d9e4354, type: 3}
      propertyPath: m_Avatar
      value: 
      objectReference: {fileID: 9000000, guid: 91db47b718250364790575942c81a8f0, type: 3}
    - target: {fileID: 4624789674245908253, guid: 8a28930941fd8ac48af018ec5d9e4354, type: 3}
      propertyPath: m_Controller
      value: 
      objectReference: {fileID: 22100000, guid: a3cf5a16f6da1274ca97195490e7600f, type: 2}
    - target: {fileID: 4624789674245908253, guid: 8a28930941fd8ac48af018ec5d9e4354, type: 3}
      propertyPath: m_WarningMessage
      value: 
      objectReference: {fileID: 0}
    - target: {fileID: 5034090019691355931, guid: 8a28930941fd8ac48af018ec5d9e4354, type: 3}
      propertyPath: m_RootOrder
      value: 0
      objectReference: {fileID: 0}
    - target: {fileID: 5655363033720414409, guid: 8a28930941fd8ac48af018ec5d9e4354, type: 3}
      propertyPath: _meshRenderer
      value: 
      objectReference: {fileID: 0}
    - target: {fileID: 6614325252564903723, guid: 8a28930941fd8ac48af018ec5d9e4354, type: 3}
      propertyPath: m_RootOrder
      value: 6
      objectReference: {fileID: 0}
    - target: {fileID: 6614325252564903723, guid: 8a28930941fd8ac48af018ec5d9e4354, type: 3}
      propertyPath: m_LocalScale.x
      value: 100
      objectReference: {fileID: 0}
    - target: {fileID: 6614325252564903723, guid: 8a28930941fd8ac48af018ec5d9e4354, type: 3}
      propertyPath: m_LocalScale.y
      value: 100
      objectReference: {fileID: 0}
    - target: {fileID: 6614325252564903723, guid: 8a28930941fd8ac48af018ec5d9e4354, type: 3}
      propertyPath: m_LocalScale.z
      value: 100
      objectReference: {fileID: 0}
    - target: {fileID: 7636060585191883243, guid: 8a28930941fd8ac48af018ec5d9e4354, type: 3}
      propertyPath: m_Mesh
      value: 
      objectReference: {fileID: -6570604951657409268, guid: 91db47b718250364790575942c81a8f0, type: 3}
    - target: {fileID: 7636060585191883243, guid: 8a28930941fd8ac48af018ec5d9e4354, type: 3}
      propertyPath: m_RootBone
      value: 
      objectReference: {fileID: 6462966917963535112}
    - target: {fileID: 7636060585191883243, guid: 8a28930941fd8ac48af018ec5d9e4354, type: 3}
      propertyPath: m_AABB.m_Center.x
      value: 0.029728293
      objectReference: {fileID: 0}
    - target: {fileID: 7636060585191883243, guid: 8a28930941fd8ac48af018ec5d9e4354, type: 3}
      propertyPath: m_AABB.m_Center.y
      value: 0.030244656
      objectReference: {fileID: 0}
    - target: {fileID: 7636060585191883243, guid: 8a28930941fd8ac48af018ec5d9e4354, type: 3}
      propertyPath: m_AABB.m_Center.z
      value: 0.0000003874302
      objectReference: {fileID: 0}
    - target: {fileID: 7636060585191883243, guid: 8a28930941fd8ac48af018ec5d9e4354, type: 3}
      propertyPath: m_AABB.m_Extent.x
      value: 0.9414612
      objectReference: {fileID: 0}
    - target: {fileID: 7636060585191883243, guid: 8a28930941fd8ac48af018ec5d9e4354, type: 3}
      propertyPath: m_AABB.m_Extent.y
      value: 0.24624026
      objectReference: {fileID: 0}
    - target: {fileID: 7636060585191883243, guid: 8a28930941fd8ac48af018ec5d9e4354, type: 3}
      propertyPath: m_AABB.m_Extent.z
      value: 0.4703718
      objectReference: {fileID: 0}
    - target: {fileID: 7636060585191883243, guid: 8a28930941fd8ac48af018ec5d9e4354, type: 3}
      propertyPath: m_Bones.Array.size
      value: 34
      objectReference: {fileID: 0}
    - target: {fileID: 7636060585191883243, guid: 8a28930941fd8ac48af018ec5d9e4354, type: 3}
      propertyPath: m_Bones.Array.data[0]
      value: 
      objectReference: {fileID: 1958536014091557875}
    - target: {fileID: 7636060585191883243, guid: 8a28930941fd8ac48af018ec5d9e4354, type: 3}
      propertyPath: m_Bones.Array.data[1]
      value: 
      objectReference: {fileID: 3350815068894649242}
    - target: {fileID: 7636060585191883243, guid: 8a28930941fd8ac48af018ec5d9e4354, type: 3}
      propertyPath: m_Bones.Array.data[2]
      value: 
      objectReference: {fileID: 1081208984229612329}
    - target: {fileID: 7636060585191883243, guid: 8a28930941fd8ac48af018ec5d9e4354, type: 3}
      propertyPath: m_Bones.Array.data[3]
      value: 
      objectReference: {fileID: 4757951598124789824}
    - target: {fileID: 7636060585191883243, guid: 8a28930941fd8ac48af018ec5d9e4354, type: 3}
      propertyPath: m_Bones.Array.data[4]
      value: 
      objectReference: {fileID: 5641256969615594844}
    - target: {fileID: 7636060585191883243, guid: 8a28930941fd8ac48af018ec5d9e4354, type: 3}
      propertyPath: m_Bones.Array.data[5]
      value: 
      objectReference: {fileID: 5542071920435430467}
    - target: {fileID: 7636060585191883243, guid: 8a28930941fd8ac48af018ec5d9e4354, type: 3}
      propertyPath: m_Bones.Array.data[6]
      value: 
      objectReference: {fileID: 4215771665792921839}
    - target: {fileID: 7636060585191883243, guid: 8a28930941fd8ac48af018ec5d9e4354, type: 3}
      propertyPath: m_Bones.Array.data[7]
      value: 
      objectReference: {fileID: 8620861114236847909}
    - target: {fileID: 7636060585191883243, guid: 8a28930941fd8ac48af018ec5d9e4354, type: 3}
      propertyPath: m_Bones.Array.data[8]
      value: 
      objectReference: {fileID: 6462966917963535112}
    - target: {fileID: 7636060585191883243, guid: 8a28930941fd8ac48af018ec5d9e4354, type: 3}
      propertyPath: m_Bones.Array.data[9]
      value: 
      objectReference: {fileID: 7390753245194757881}
    - target: {fileID: 7636060585191883243, guid: 8a28930941fd8ac48af018ec5d9e4354, type: 3}
      propertyPath: m_Bones.Array.data[10]
      value: 
      objectReference: {fileID: 3207630333523369647}
    - target: {fileID: 7636060585191883243, guid: 8a28930941fd8ac48af018ec5d9e4354, type: 3}
      propertyPath: m_Bones.Array.data[11]
      value: 
      objectReference: {fileID: 3044439612436814298}
    - target: {fileID: 7636060585191883243, guid: 8a28930941fd8ac48af018ec5d9e4354, type: 3}
      propertyPath: m_Bones.Array.data[12]
      value: 
      objectReference: {fileID: 8258949637038292952}
    - target: {fileID: 7636060585191883243, guid: 8a28930941fd8ac48af018ec5d9e4354, type: 3}
      propertyPath: m_Bones.Array.data[13]
      value: 
      objectReference: {fileID: 2442386102454667609}
    - target: {fileID: 7636060585191883243, guid: 8a28930941fd8ac48af018ec5d9e4354, type: 3}
      propertyPath: m_Bones.Array.data[14]
      value: 
      objectReference: {fileID: 612461394761886811}
    - target: {fileID: 7636060585191883243, guid: 8a28930941fd8ac48af018ec5d9e4354, type: 3}
      propertyPath: m_Bones.Array.data[15]
      value: 
      objectReference: {fileID: 3383611160100790373}
    - target: {fileID: 7636060585191883243, guid: 8a28930941fd8ac48af018ec5d9e4354, type: 3}
      propertyPath: m_Bones.Array.data[16]
      value: 
      objectReference: {fileID: 4689582446228330267}
    - target: {fileID: 7636060585191883243, guid: 8a28930941fd8ac48af018ec5d9e4354, type: 3}
      propertyPath: m_Bones.Array.data[17]
      value: 
      objectReference: {fileID: 9094645959819230839}
    - target: {fileID: 7636060585191883243, guid: 8a28930941fd8ac48af018ec5d9e4354, type: 3}
      propertyPath: m_Bones.Array.data[18]
      value: 
      objectReference: {fileID: 3087867647452279365}
    - target: {fileID: 7636060585191883243, guid: 8a28930941fd8ac48af018ec5d9e4354, type: 3}
      propertyPath: m_Bones.Array.data[19]
      value: 
      objectReference: {fileID: 3498477759518449007}
    - target: {fileID: 7636060585191883243, guid: 8a28930941fd8ac48af018ec5d9e4354, type: 3}
      propertyPath: m_Bones.Array.data[20]
      value: 
      objectReference: {fileID: 2267214527467407205}
    - target: {fileID: 7636060585191883243, guid: 8a28930941fd8ac48af018ec5d9e4354, type: 3}
      propertyPath: m_Bones.Array.data[21]
      value: 
      objectReference: {fileID: 3337927753420534566}
    - target: {fileID: 7636060585191883243, guid: 8a28930941fd8ac48af018ec5d9e4354, type: 3}
      propertyPath: m_Bones.Array.data[22]
      value: 
      objectReference: {fileID: 4244868145051612183}
    - target: {fileID: 7636060585191883243, guid: 8a28930941fd8ac48af018ec5d9e4354, type: 3}
      propertyPath: m_Bones.Array.data[23]
      value: 
      objectReference: {fileID: 131201669116558222}
    - target: {fileID: 7636060585191883243, guid: 8a28930941fd8ac48af018ec5d9e4354, type: 3}
      propertyPath: m_Bones.Array.data[24]
      value: 
      objectReference: {fileID: 6364946067727135379}
    - target: {fileID: 7636060585191883243, guid: 8a28930941fd8ac48af018ec5d9e4354, type: 3}
      propertyPath: m_Bones.Array.data[25]
      value: 
      objectReference: {fileID: 3896172729840129584}
    - target: {fileID: 7636060585191883243, guid: 8a28930941fd8ac48af018ec5d9e4354, type: 3}
      propertyPath: m_Bones.Array.data[26]
      value: 
      objectReference: {fileID: 3889461119805164692}
    - target: {fileID: 7636060585191883243, guid: 8a28930941fd8ac48af018ec5d9e4354, type: 3}
      propertyPath: m_Bones.Array.data[27]
      value: 
      objectReference: {fileID: 5624433651716011086}
    - target: {fileID: 7636060585191883243, guid: 8a28930941fd8ac48af018ec5d9e4354, type: 3}
      propertyPath: m_Bones.Array.data[28]
      value: 
      objectReference: {fileID: 4771642905964865226}
    - target: {fileID: 7636060585191883243, guid: 8a28930941fd8ac48af018ec5d9e4354, type: 3}
      propertyPath: m_Bones.Array.data[29]
      value: 
      objectReference: {fileID: 6338446326115559984}
    - target: {fileID: 7636060585191883243, guid: 8a28930941fd8ac48af018ec5d9e4354, type: 3}
      propertyPath: m_Bones.Array.data[30]
      value: 
      objectReference: {fileID: 7918497884002482696}
    - target: {fileID: 7636060585191883243, guid: 8a28930941fd8ac48af018ec5d9e4354, type: 3}
      propertyPath: m_Bones.Array.data[31]
      value: 
      objectReference: {fileID: 6259173644677566237}
    - target: {fileID: 7636060585191883243, guid: 8a28930941fd8ac48af018ec5d9e4354, type: 3}
      propertyPath: m_Bones.Array.data[32]
      value: 
      objectReference: {fileID: 2019160048885456820}
    - target: {fileID: 7636060585191883243, guid: 8a28930941fd8ac48af018ec5d9e4354, type: 3}
      propertyPath: m_Bones.Array.data[33]
      value: 
      objectReference: {fileID: 6870390597400884520}
    - target: {fileID: 7636060585191883243, guid: 8a28930941fd8ac48af018ec5d9e4354, type: 3}
      propertyPath: m_Materials.Array.data[0]
      value: 
      objectReference: {fileID: 2100000, guid: 0f752ea3fde1c394f9734db055b0f85b, type: 2}
    - target: {fileID: 7896478071700726422, guid: 8a28930941fd8ac48af018ec5d9e4354, type: 3}
      propertyPath: m_RootOrder
      value: 4
      objectReference: {fileID: 0}
    - target: {fileID: 7896478071700726422, guid: 8a28930941fd8ac48af018ec5d9e4354, type: 3}
      propertyPath: m_LocalPosition.y
      value: 1.6
      objectReference: {fileID: 0}
    - target: {fileID: 7896478071700726422, guid: 8a28930941fd8ac48af018ec5d9e4354, type: 3}
      propertyPath: m_LocalPosition.z
      value: 0.05
      objectReference: {fileID: 0}
    m_RemovedComponents: []
  m_SourcePrefab: {fileID: 100100000, guid: 8a28930941fd8ac48af018ec5d9e4354, type: 3}
--- !u!4 &1752267914365814318 stripped
Transform:
  m_CorrespondingSourceObject: {fileID: 1643428348181855591, guid: 8a28930941fd8ac48af018ec5d9e4354, type: 3}
  m_PrefabInstance: {fileID: 1053823630774467401}
  m_PrefabAsset: {fileID: 0}
--- !u!1001 &7329765775754335026
PrefabInstance:
  m_ObjectHideFlags: 0
  serializedVersion: 2
  m_Modification:
    m_TransformParent: {fileID: 1752267914365814318}
    m_Modifications:
    - target: {fileID: 666717775261798997, guid: 93e1899ad496a9946b95affb5fee0266, type: 3}
      propertyPath: m_SizeDelta.x
      value: 0
      objectReference: {fileID: 0}
    - target: {fileID: 4771098385806283851, guid: 93e1899ad496a9946b95affb5fee0266, type: 3}
      propertyPath: m_AnchorMax.x
      value: 0
      objectReference: {fileID: 0}
    - target: {fileID: 4771098385806283851, guid: 93e1899ad496a9946b95affb5fee0266, type: 3}
      propertyPath: m_AnchorMax.y
      value: 0
      objectReference: {fileID: 0}
    - target: {fileID: 6113726203136323852, guid: 93e1899ad496a9946b95affb5fee0266, type: 3}
      propertyPath: m_Name
      value: UnitStateLayoutCommon
      objectReference: {fileID: 0}
    - target: {fileID: 8029833649346360456, guid: 93e1899ad496a9946b95affb5fee0266, type: 3}
      propertyPath: m_Pivot.x
      value: 0.5
      objectReference: {fileID: 0}
    - target: {fileID: 8029833649346360456, guid: 93e1899ad496a9946b95affb5fee0266, type: 3}
      propertyPath: m_Pivot.y
      value: 0.5
      objectReference: {fileID: 0}
    - target: {fileID: 8029833649346360456, guid: 93e1899ad496a9946b95affb5fee0266, type: 3}
      propertyPath: m_RootOrder
      value: 2
      objectReference: {fileID: 0}
    - target: {fileID: 8029833649346360456, guid: 93e1899ad496a9946b95affb5fee0266, type: 3}
      propertyPath: m_AnchorMax.x
      value: 0.5
      objectReference: {fileID: 0}
    - target: {fileID: 8029833649346360456, guid: 93e1899ad496a9946b95affb5fee0266, type: 3}
      propertyPath: m_AnchorMax.y
      value: 0.5
      objectReference: {fileID: 0}
    - target: {fileID: 8029833649346360456, guid: 93e1899ad496a9946b95affb5fee0266, type: 3}
      propertyPath: m_AnchorMin.x
      value: 0.5
      objectReference: {fileID: 0}
    - target: {fileID: 8029833649346360456, guid: 93e1899ad496a9946b95affb5fee0266, type: 3}
      propertyPath: m_AnchorMin.y
      value: 0.5
      objectReference: {fileID: 0}
    - target: {fileID: 8029833649346360456, guid: 93e1899ad496a9946b95affb5fee0266, type: 3}
      propertyPath: m_SizeDelta.x
      value: 1.2
      objectReference: {fileID: 0}
    - target: {fileID: 8029833649346360456, guid: 93e1899ad496a9946b95affb5fee0266, type: 3}
      propertyPath: m_SizeDelta.y
      value: 1.2
      objectReference: {fileID: 0}
    - target: {fileID: 8029833649346360456, guid: 93e1899ad496a9946b95affb5fee0266, type: 3}
      propertyPath: m_LocalPosition.x
      value: 0
      objectReference: {fileID: 0}
    - target: {fileID: 8029833649346360456, guid: 93e1899ad496a9946b95affb5fee0266, type: 3}
      propertyPath: m_LocalPosition.y
      value: 0
      objectReference: {fileID: 0}
    - target: {fileID: 8029833649346360456, guid: 93e1899ad496a9946b95affb5fee0266, type: 3}
      propertyPath: m_LocalPosition.z
      value: 0
      objectReference: {fileID: 0}
    - target: {fileID: 8029833649346360456, guid: 93e1899ad496a9946b95affb5fee0266, type: 3}
      propertyPath: m_LocalRotation.w
      value: 1
      objectReference: {fileID: 0}
    - target: {fileID: 8029833649346360456, guid: 93e1899ad496a9946b95affb5fee0266, type: 3}
      propertyPath: m_LocalRotation.x
      value: -0
      objectReference: {fileID: 0}
    - target: {fileID: 8029833649346360456, guid: 93e1899ad496a9946b95affb5fee0266, type: 3}
      propertyPath: m_LocalRotation.y
      value: -0
      objectReference: {fileID: 0}
    - target: {fileID: 8029833649346360456, guid: 93e1899ad496a9946b95affb5fee0266, type: 3}
      propertyPath: m_LocalRotation.z
      value: -0
      objectReference: {fileID: 0}
    - target: {fileID: 8029833649346360456, guid: 93e1899ad496a9946b95affb5fee0266, type: 3}
      propertyPath: m_AnchoredPosition.x
      value: 0
      objectReference: {fileID: 0}
    - target: {fileID: 8029833649346360456, guid: 93e1899ad496a9946b95affb5fee0266, type: 3}
      propertyPath: m_AnchoredPosition.y
      value: 2
      objectReference: {fileID: 0}
    - target: {fileID: 8029833649346360456, guid: 93e1899ad496a9946b95affb5fee0266, type: 3}
      propertyPath: m_LocalEulerAnglesHint.x
      value: 0
      objectReference: {fileID: 0}
    - target: {fileID: 8029833649346360456, guid: 93e1899ad496a9946b95affb5fee0266, type: 3}
      propertyPath: m_LocalEulerAnglesHint.y
      value: 0
      objectReference: {fileID: 0}
    - target: {fileID: 8029833649346360456, guid: 93e1899ad496a9946b95affb5fee0266, type: 3}
      propertyPath: m_LocalEulerAnglesHint.z
      value: 0
      objectReference: {fileID: 0}
    m_RemovedComponents: []
  m_SourcePrefab: {fileID: 100100000, guid: 93e1899ad496a9946b95affb5fee0266, type: 3}
--- !u!114 &406800363398386353 stripped
MonoBehaviour:
  m_CorrespondingSourceObject: {fileID: 6925887399414940035, guid: 93e1899ad496a9946b95affb5fee0266, type: 3}
  m_PrefabInstance: {fileID: 7329765775754335026}
  m_PrefabAsset: {fileID: 0}
  m_GameObject: {fileID: 0}
  m_Enabled: 1
  m_EditorHideFlags: 0
  m_Script: {fileID: 11500000, guid: 76dfbda135f95df4da4d262dfe85a98c, type: 3}
  m_Name: 
  m_EditorClassIdentifier: 
--- !u!114 &2853656873393031347 stripped
MonoBehaviour:
  m_CorrespondingSourceObject: {fileID: 4765572489027165057, guid: 93e1899ad496a9946b95affb5fee0266, type: 3}
  m_PrefabInstance: {fileID: 7329765775754335026}
  m_PrefabAsset: {fileID: 0}
  m_GameObject: {fileID: 0}
  m_Enabled: 1
  m_EditorHideFlags: 0
  m_Script: {fileID: 11500000, guid: 9d678d7f779631a44958ad88a3b604ba, type: 3}
  m_Name: 
  m_EditorClassIdentifier: 
--- !u!114 &3680083796589435501 stripped
MonoBehaviour:
  m_CorrespondingSourceObject: {fileID: 6245023273546238303, guid: 93e1899ad496a9946b95affb5fee0266, type: 3}
  m_PrefabInstance: {fileID: 7329765775754335026}
  m_PrefabAsset: {fileID: 0}
  m_GameObject: {fileID: 0}
  m_Enabled: 1
  m_EditorHideFlags: 0
  m_Script: {fileID: 11500000, guid: f4688fdb7df04437aeb418b961361dc5, type: 3}
  m_Name: 
  m_EditorClassIdentifier: 
--- !u!114 &8078272645131936512 stripped
MonoBehaviour:
  m_CorrespondingSourceObject: {fileID: 1559165800781131826, guid: 93e1899ad496a9946b95affb5fee0266, type: 3}
  m_PrefabInstance: {fileID: 7329765775754335026}
  m_PrefabAsset: {fileID: 0}
  m_GameObject: {fileID: 0}
  m_Enabled: 1
  m_EditorHideFlags: 0
  m_Script: {fileID: 11500000, guid: a366d4b35db54f7187e3b5ee1b7508fb, type: 3}
  m_Name: 
  m_EditorClassIdentifier: 
--- !u!114 &8135702592103870111 stripped
MonoBehaviour:
  m_CorrespondingSourceObject: {fileID: 1540052146340527533, guid: 93e1899ad496a9946b95affb5fee0266, type: 3}
  m_PrefabInstance: {fileID: 7329765775754335026}
  m_PrefabAsset: {fileID: 0}
  m_GameObject: {fileID: 0}
  m_Enabled: 1
  m_EditorHideFlags: 0
  m_Script: {fileID: 11500000, guid: 0dfa878195794cd4b4812b98a97790ee, type: 3}
  m_Name: 
  m_EditorClassIdentifier: 
